 Dungeon Crawl Stone Soup version 0.29.1-12-g30fa7ad0bf (webtiles) character file.

Game seed: 13534339662342987754

2082 hawla the Arsonist (level 9, -2/103 HPs)
             Began as a Meteoran Fire Elementalist on Jan 9, 2023.
             Was an Initiate of Vehumet.
             Slain by OhItsWolfy's ghost (11 damage)
             ... on level 7 of the Dungeon.
             The game lasted 00:10:33 (1993 turns).

hawla the Arsonist (Meteoran Fire Elementalist)     Turns: 1993, Time: 00:10:33

Health: -2/103     AC: 24    Str:  8 (9)  XL:     9   Next: 80%
Magic:  2/22       EV:  2    Int: 22 (23) God:    Vehumet [......]
Gold:   107        SH:  0    Dex: 13 (14) Spells: 17/24 levels left

rFire   . . .      SeeInvis .   b - +0 great sword
rCold   . . .      Faith    .   (shield currently unavailable)
rNeg    . . .      Spirit   .   (body armour currently unavailable)
rPois   +          Reflect  .   (helmet currently unavailable)
rElec   .          Harm     .   (cloak currently unavailable)
rCorr   .          Rampage  .   (gloves currently unavailable)
Will    +....      Clarity  +   (boots currently unavailable)
Stlth   +......... NoTele   +   (no amulet)
HPRegen 0.27/turn               (no ring)
MPRegen 0.18/turn               (no ring)

@: tree-form, glowing
A: stationary, stasis, torment immunity, boosted hp, sense surroundings 2,
otherworldly, glowing, explore regen, (talons 1), clarity, screaming 1, (shaggy
fur 1)
a: Renounce Religion


You were on level 7 of the Dungeon.
You worshipped Vehumet.
Vehumet was noncommittal.
You were a tree.
You visited 2 branches of the dungeon, and saw 9 of its levels.

You collected 178 gold pieces.
You spent 71 gold pieces at shops.

Inventory:

Hand Weapons
 b - a +0 great sword (weapon)
Armour
 g - a +0 helmet (melded)
 h - a +2 pair of gloves (melded)
 j - a +2 robe of willpower (melded)
Jewellery
 e - an amulet of guardian spirit
Wands
 o - a wand of iceblast (9)
Scrolls
 a - a scroll of enchant armour {unknown}
 c - 2 scrolls of magic mapping {unknown}
 d - a scroll of butterflies {unknown}
 f - 2 scrolls of teleportation {unknown}
Potions
 m - a potion of flight {unknown}
 n - a potion of haste


   Skills:
 + Level 3.1 Fighting
 + Level 5.0 Dodging
 - Level 1.4 Stealth
 + Level 8.0 Spellcasting
 + Level 7.1 Conjurations
 + Level 8.6 Fire Magic


You had 17 spell levels left.
You knew the following spells:

 Your Spells              Type           Power      Damage    Failure   Level
a - Foxfire               Conj/Fire      100%       2x1d9     1%          1
b - Scorch                Fire           94%        2d10      1%          2
c - Flame Wave            Conj/Fire      43%        2d11      2%          4

Your spell library contained the following spells:

 Spells                   Type           Power      Damage    Failure   Level
 Conjure Flame            Conj/Fire      43%        6-21      1%          3
 Inner Flame              Hex/Fire       27%        N/A       3%          3
 Eringya's Noxious Bog    Tmut/Pois      4%         N/A       100%        6
 Statue Form              Tmut/Erth      5%         N/A       100%        6
 Necromutation            Tmut/Necr      4%         N/A       100%        8


Dungeon Overview and Level Annotations

Branches:
Dungeon (8/15) Zot: 3036   Temple (1/1) D:7 Zot: 372
   Lair: D:8-11

Altars:
Cheibriados
Dithmenos
Elyvilon
Fedhas
Gozag
Hepliaklqana
Kikubaaqudgha
Makhleb
Nemelex Xobeh
Okawaru
Qazlal
Ru
Sif Muna
Trog
Uskayaw
Vehumet
Wu Jian
Xom
Yredelemnul
Zin
The Shining One

Shops:
D:4 *   D:7 [

Annotations:
D:5 Edmund
D:7 OhItsWolfy's ghost, novice GrFi


Innate Abilities, Weirdness & Mutations

You are a tree.
Your roots penetrate the ground, keeping you stationary.
You cannot be teleported.
You are immune to unholy pain and torment.
Your maximum health is greatly increased.
Your equipment is partially melded.
You passively map the area around you.
You are easily found by Zot.
You glow in the dark.
You regain HP and MP as you explore.
((You have sharp toenails.))
You possess an exceptional clarity of mind.
You occasionally shout uncontrollably at your foes.
((You are covered in fur. (AC +1)))


Message History

You conjure some foxfire!
OhItsWolfy's ghost closely misses you.
You hit OhItsWolfy's ghost but do no damage.
OhItsWolfy's ghost is almost destroyed.
The foxfire hits OhItsWolfy's ghost but does no damage.
OhItsWolfy's ghost is almost destroyed.
The foxfire hits OhItsWolfy's ghost.
OhItsWolfy's ghost is almost destroyed.
OhItsWolfy's ghost hits you! OhItsWolfy's ghost freezes you.
OhItsWolfy's ghost completely misses you.
It was a potion of mutation.
You feel extremely strange.
You feel the urge to shout. Fur sprouts all over your body.
Your toenails lengthen and sharpen.
Your thoughts seem clearer.
OhItsWolfy's ghost hits you!
* * * LOW HITPOINT WARNING * * *
OhItsWolfy's ghost freezes you.
* * * LOW HITPOINT WARNING * * *
It was a potion of degeneration.
There was something very wrong with that liquid.
You feel weakened.
You feel dopey.
You feel clumsy. OhItsWolfy's ghost hits you.
* * * LOW HITPOINT WARNING * * *
OhItsWolfy's ghost freezes you.
* * * LOW HITPOINT WARNING * * *
It was a potion of lignification.
You turn into a tree.
Your +0 helmet melds into your body.
Your +2 pair of gloves melds into your body.
Your +2 robe of willpower melds into your body.
You feel less strong-willed.
Your roots penetrate the ground.
OhItsWolfy's ghost hits you but does no damage.
You barely miss OhItsWolfy's ghost.
OhItsWolfy's ghost is almost destroyed.
OhItsWolfy's ghost hits you but does no damage.
You closely miss OhItsWolfy's ghost.
OhItsWolfy's ghost is almost destroyed.
OhItsWolfy's ghost hits you but does no damage. x2
You barely miss OhItsWolfy's ghost.
OhItsWolfy's ghost is almost destroyed.
OhItsWolfy's ghost hits you but does no damage.
OhItsWolfy's ghost hits you!
You die...

######## * . #.>.[..######
... #...[[......#########
....
#......####.........##....
#####.#############.......
#....# ##.##...> #.##.####
#..#..... #.......#
#..§~~(.. #....♣..#
#.~~~~~.. ###''W###
###~§~§~~~. *♣........#
#..~§~>§§~#
#⌠.......⌠##..#~~§~§§~#
#♣.......♣##.##.~~§§~.#
#).......!#.. #..~~~..#
##8...?.8### *####.#.##
##?)8?.##* #...# * ** *
###.#*


You could see OhItsWolfy's ghost.

Vanquished Creatures
  The ghost of fitz the Basher, a novice DsGl of Hepliaklqana (D:7)
  Sigmund (D:5)
  A steam dragon (D:7)
  The ghost of ctx the Digger, an amateur MeEE (D:7)
  A water moccasin (D:8)
  An orc warrior (D:7)
  A phantom (D:4)
  A bullfrog (D:8)
  A gnoll sergeant (D:7)
  2 scorpions
  A necrophage (D:5)
  4 wights (D:7)
  2 killer bees (D:8)
  A gnoll bouda (D:4)
  2 jellies (D:5)
  4 orc priests
  An iguana (D:4)
  3 orc wizards
  7 gnolls
  An adder (D:6)
  A white imp (D:6)
  A dart slug (D:3)
  A worm (D:4)
  20 orcs
  2 endoplasms (D:4)
  2 giant cockroaches (D:4)
  4 goblins
  4 hobgoblins
  2 jackals (D:4)
  A frilled lizard (D:3)
  4 kobolds
  2 rats
81 creatures vanquished.

Vanquished Creatures (others)
  113 foxfires
  2 plants (D:5)
115 creatures vanquished.

Grand Total: 196 creatures vanquished

Notes
Turn   | Place    | Note
-------+----------+-------------------------------------------
     0 | D:1      | hawla the Meteoran Fire Elementalist began the quest for
                  | the Orb.
     0 | D:1      | Reached XP level 1. HP: 14/14 MP: 5/5
    55 | D:3      | Reached XP level 2. HP: 14/20 MP: 1/6
    58 | D:3      | Learned a level 2 spell: Scorch
   174 | D:4      | Noticed a scorpion
   185 | D:4      | Killed a scorpion
   186 | D:4      | Reached skill level 5 in Fire Magic
   186 | D:4      | Reached XP level 3. HP: 26/27 MP: 0/8
   186 | D:4      | Reached XP level 4. HP: 33/34 MP: 0/10
   191 | D:4      | Learned a level 4 spell: Flame Wave
   220 | D:4      | Found Wideda Meola's General Store.
   433 | D:4      | Reached XP level 5. HP: 39/39 MP: 4/11
   536 | D:4      | Reached XP level 6. HP: 46/46 MP: 5/12
   666 | D:4      | Reached skill level 5 in Conjurations
   907 | D:4      | Bought a +0 great sword for 71 gold pieces
   963 | D:5      | Entered Level 5 of the Dungeon
   963 | D:5      | Noticed Sigmund
   969 | D:5      | Reached XP level 7. HP: 51/51 MP: 7/14
  1062 | D:5      | Killed Sigmund
  1063 | D:5      | Reached skill level 1 in Fighting
  1074 | D:5      | Reached skill level 5 in Spellcasting
  1131 | D:5      | Got the Folio of Permutations
  1208 | D:5      | Reached XP level 8. HP: 57/59 MP: 16/16
  1253 | D:5      | Noticed Edmund
  1324 | D:7      | Found Umiutraf's Armour Shop.
  1349 | D:7      | Noticed a steam dragon
  1460 | D:7      | Killed a steam dragon
  1461 | D:7      | Gained mutation: You passively map the area around you.
                  | [Meteoran growth]
  1461 | D:7      | Reached XP level 9. HP: 14/67 MP: 6/19
  1687 | D:7      | Found a runed translucent gate.
  1688 | D:7      | Found a runed translucent gate.
  1690 | D:7      | Found a runed translucent gate.
  1690 | D:7      | Noticed fitz's ghost (novice DsGl)
  1690 | D:7      | Noticed ctx's ghost (amateur MeEE)
  1690 | D:7      | Noticed OhItsWolfy's ghost (novice GrFi)
  1711 | D:7      | Found a staircase to the Ecumenical Temple.
  1721 | Temple   | Entered the Ecumenical Temple
  1910 | Temple   | Became a worshipper of Vehumet
  1980 | D:7      | Killed ctx's ghost
  1982 | D:7      | Killed fitz's ghost
  1983 | D:7      | Reached skill level 5 in Dodging
  1988 | D:7      | Gained mutation: You occasionally shout uncontrollably at
                  | your foes. [potion of mutation]
  1988 | D:7      | Gained mutation: You are covered in fur. (AC +1) [potion of
                  | mutation]
  1988 | D:7      | Gained mutation: You have sharp toenails. [potion of
                  | mutation]
  1988 | D:7      | Gained mutation: You possess an exceptional clarity of
                  | mind. [potion of mutation]
  1993 | D:7      | Slain by OhItsWolfy's ghost

Illustrated notes

Levels and vault maps discovered:
D:1:      nzn_arrival_water_spiral, layout_basic,
          hellmonk_ecumenical_altar_crossroads
D:2:      layout_basic, basic_altar
D:3:      layout_loops_ring, uniq_jessica
D:4:      layout_loops_ring, serial_shops, shop_statue
D:5:      layout_rooms, corexii_shack, uniq_edmund, uniq_sigmund
D:6:      layout_cave_pools
D:7:      layout_rooms, grunt_ashenzari_visionary
          [grunt_ashenzari_visionary_swamp, grunt_ashenzari_visionary_snake],
          minmay_temple_entry_mist, serial_shops, shop,
          gammafunk_ghost_cemetery, nicolae_stop_n_shop_2
D:8:      black_bear_nest_2, layout_loops_ring, serial_aquarium,
          aquarium_bridge_straight [aquarium_subvault_bridge,
          aquarium_subvault_window, aquarium_subvault_bridge,
          aquarium_subvault_wall], aquarium_window_1, aquarium_window_fake,
          aquarium_window_fake, aquarium_view_2f, aquarium_balcony_3a,
          aquarium_pool_five
Temple:   kilobyte_greek_temple

Skill      XL: |  1  2  3  4  5  6  7  8  9 |
---------------+----------------------------+-----
Fire Magic     | 4 5 6 7 8 |  8.6
Spellcasting   | 3 4 5 6 8 |  8.0
Conjurations   | 2 4 5 6 7 |  7.1
Fighting       | 1 2 3 |  3.1
Dodging        | 3 5 |  5.0
Stealth        | |  1.4

Action                   |  1- 3 |  4- 6 |  7- 9 || total
-------------------------+-------+-------+-------++-------
Melee: Unarmed           |     4 |     5 |       ||     9
       Great sword       |       |       |    18 ||    18
 Cast: Foxfire           |    15 |    32 |    22 ||    69
       Scorch            |     2 |    16 |    16 ||    34
       Flame Wave        |       |     3 |    14 ||    17
  Use: Potion            |       |     2 |     4 ||     6
Armor: Robe              |     2 |     3 |    16 ||    21
       Skin              |       |       |     5 ||     5
Dodge: Dodged            |     1 |    10 |    50 ||    61
